 Dungeon Crawl Stone Soup version 0.29.1-15-g9cfb28693d (webtiles) character file.

Game seed: 12847812507562156034

293 Ee the Conjurer (level 6, -2/53 (55) HPs)
             Began as an Ogre Conjurer on Feb 25, 2023.
             Was an Initiate of Vehumet.
             Killed from afar by an orc wizard (4 damage)
             ... with a magic dart
             ... on level 5 of the Dungeon.
             The game lasted 00:24:44 (3159 turns).

Ee the Conjurer (Ogre Conjurer)                     Turns: 3159, Time: 00:24:44

HP:   -2/53 (55)    AC:  4    Str:  9 (12) XL:     6   Next: 33%
MP:   1/12          EV: 13    Int: 20 (21) God:    Vehumet [......]
Gold: 143           SH:  0    Dex:  5 (7)  Spells: 11/14 levels left

rFire   . . .      SeeInvis .   (no weapon)
rCold   . . .      Faith    .   (no shield)
rNeg    . . .      Spirit   .   a - +1 animal skin
rPois   .          Reflect  .   (helmet restricted)
rElec   .          Harm     .   (no cloak)
rCorr   .          Rampage  .   (gloves unavailable)
Will    .....                   (boots unavailable)
Stlth   +.........              (no amulet)
HPRegen 0.17/turn               b - +4 ring of evasion
MPRegen 0.13/turn               (no ring)

@: hasted, lightly drained, very quick
A: large, unfitting armour, tough skin 1
a: Renounce Religion


You were on level 5 of the Dungeon.
You worshipped Vehumet.
Vehumet was noncommittal.
You visited 2 branches of the dungeon, and saw 6 of its levels.

You collected 143 gold pieces.

Inventory:

Hand Weapons
 p - a +3 dagger of venom
Armour
 a - a +1 animal skin (worn)
Jewellery
 b - a +4 ring of evasion (left hand)
 g - a ring of flight
 o - a ring of fire
 r - a ring of resist corrosion
 u - a ring of protection from cold
Scrolls
 d - a scroll of vulnerability {unknown}
 e - 5 scrolls of identify
 f - a scroll of immolation {unknown}
 h - a scroll of butterflies {unknown}
 j - a scroll of silence {unknown}
 q - a scroll of blinking {unknown}
 s - a scroll of fear {unknown}
 t - 2 scrolls of magic mapping {unknown}
 w - 2 scrolls of noise
Potions
 c - a potion of heal wounds
 i - 3 potions of haste
 l - a potion of attraction {unknown}
 m - 2 potions of curing {unknown}
 n - 2 potions of magic


   Skills:
 + Level 1.4 Fighting
 + Level 2.3 Dodging
 + Level 2.0 Stealth
 + Level 4.5 Spellcasting
 * Level 5.2 Conjurations


You had 11 spell levels left.
You knew the following spells:

 Your Spells              Type           Power      Damage    Failure   Level
a - Magic Dart            Conj           100%       1d8       1%          1
b - Searing Ray           Conj           50%        2d6       2%          2

Your spell library contained the following spells:

 Spells                   Type           Power      Damage    Failure   Level
 Summon Small Mammal      Summ           16%        N/A       12%         1
 Dazzling Flash           Conj/Hex       30%        N/A       12%         3
 Call Canine Familiar     Summ           4%         N/A       36%         3
 Gell's Gravitas          Tloc           4%         N/A       36%         3
 Lesser Beckoning         Tloc           4%         N/A       36%         3
 Summon Guardian Golem    Hex/Summ       4%         N/A       36%         3
 Teleport Other           Tloc           4%         N/A       36%         3
 Fulminant Prism          Conj/Hex       7%         3d7       38%         4
 Iskenderun's Mystic Bla  Conj/Tloc      15%        2d5       38%         4


Dungeon Overview and Level Annotations

Branches:
Dungeon (5/15)             Temple (1/1) D:4

Altars:
Cheibriados
Dithmenos
Elyvilon
Fedhas
Hepliaklqana
Kikubaaqudgha
Makhleb
Nemelex Xobeh
Okawaru
Qazlal
Ru
Sif Muna
Uskayaw
Vehumet
Wu Jian
Xom

Shops:
D:3 =   D:5 *

Annotations:
D:3 1 exclusion


Innate Abilities, Weirdness & Mutations

You are too large for most types of armour.
You have tough skin. (AC +1)


Message History

Confirm with . or Enter, or press ? or * to list all spells.
Restarting spell: Searing Ray (safe; 2% risk of failure)
Press: ? - help, Shift-Dir - straight line, f - orc
Aim: an orc, wielding a +0 mace (79% to hit)
The searing ray hits the orc!
You kill the orc!
Vehumet accepts your kill.
The searing ray hits the orc but does no damage. (Press . to maintain the ray.)
You hear some strange, mumbled words.
Something tries to affect you, but you resist.
The searing ray hits something!
Vehumet accepts your kill.
Reactivating autopickup.
You feel a bit more experienced.
The searing ray hits something.
The searing ray hits the orc!
You kill the orc!
Vehumet accepts your kill.
You feel sick.
The searing ray hits the orc.
The orc is severely wounded.
You feel sick.
Unknown command.
Without enough magic to sustain it, your searing ray dissipates.
Something hits you.
* * * LOW HITPOINT WARNING * * *
Deactivating autopickup; reactivate with Ctrl-A.
The orc hits you but does no damage.
You feel sick.
You are no longer poisoned.
The orc completely misses you. Something hits you but does no damage.
Something hits you.
* * * LOW HITPOINT WARNING * * *
The orc hits you with a +0 club.
* * * LOW HITPOINT WARNING * * *
Something hits you but does no damage. The orc closely misses you.
You hear some strange, mumbled words.
A magic dart appears from out of thin air!
The magic dart hits you.
You die...

.#. #. .... ..
§#######
....##.##☼.##.○##
......○°○☼☼°#§§°
......§○.☼..#☼.###
.......☼°☼☼☼.○..☼#
........°..°..☼.#
........###§○○§#
..o.....####{@#
....###..##)o##
... ##°°)..# #.
#..○☼.## .
...○○.####
........ ....∩○...
>#........
..........


You could see an orc.

Vanquished Creatures
  2 scorpions
  An orc priest (D:3)
  An orc wizard (D:5)
  Robin (D:2)
  4 adders
  3 worms
  2 dart slugs
  6 orcs
  4 endoplasms
  3 giant cockroaches
  15 goblins
  4 hobgoblins
  3 quokkas (D:1)
  10 ball pythons
  4 bats
  2 frilled lizards
  A kobold (D:1)
  5 rats
71 creatures vanquished.

Vanquished Creatures (others)
  4 toadstools (D:1)
4 creatures vanquished.

Grand Total: 75 creatures vanquished

Notes
Turn   | Place    | Note
-------+----------+-------------------------------------------
     0 | D:1      | Ee the Ogre Conjurer began the quest for the Orb.
     0 | D:1      | Reached XP level 1. HP: 16/16 MP: 3/3
   474 | D:1      | Reached XP level 2. HP: 17/24 MP: 0/5
  1094 | D:2      | Noticed Robin
  1156 | D:2      | Reached XP level 3. HP: 31/31 MP: 2/7
  1164 | D:1      | Learned a level 2 spell: Searing Ray
  1280 | D:2      | Killed Robin
  1284 | D:2      | Reached skill level 4 in Conjurations
  1637 | D:2      | Reached XP level 4. HP: 39/39 MP: 6/9
  2207 | D:3      | Found Reluosch's Jewellery Shop.
  2395 | D:3      | Noticed a bullfrog
  2468 | D:3      | Reached XP level 5. HP: 35/45 MP: 0/11
  2715 | D:4      | Noticed a phantom
  2773 | D:4      | Reached skill level 5 in Conjurations
  2858 | D:4      | Found a staircase to the Ecumenical Temple.
  2868 | Temple   | Entered the Ecumenical Temple
  2993 | D:4      | Found a radiant altar of Vehumet.
  3011 | D:4      | Became a worshipper of Vehumet
  3073 | D:4      | Noticed an ogre
  3116 | D:5      | Entered Level 5 of the Dungeon
  3119 | D:5      | Found Zin's Purification Station.
  3150 | D:5      | Reached skill level 1 in Fighting
  3150 | D:5      | Reached XP level 6. HP: 7/53 MP: 4/12
  3156 | D:5      | HP: 2/53 [something (1)]
  3159 | D:5      | Killed from afar by an orc wizard

Illustrated notes

Levels and vault maps discovered:
D:1:      ldierk_water_garden, layout_loops_cross
D:2:      layout_loops_ring, uniq_robin
D:3:      minmay_spotlight, layout_rooms, serial_shops, nicolae_shop_crystal
D:4:      layout_loops_corners, old_standard_altar,
          mainiacjoe_overflow_alcove_4, minmay_temple_entry_glassed_door
D:5:      layout_cave_pools, zin_purify, minivault_5
Temple:   regret_index_temple_waves

Skill      XL: |  1  2  3  4  5 |
---------------+----------------+-----
Dodging        | 2 |  2.3
Spellcasting   | 3 4 |  4.5
Conjurations   | 4 5 |  5.2
Fighting       | 1 |  1.4
Stealth        | 2 |  2.0

Action                   |  1- 3 |  4- 6 || total
-------------------------+-------+-------++-------
Melee: Unarmed           |    14 |       ||    14
 Cast: Magic Dart        |    57 |    31 ||    88
       Searing Ray       |     3 |    16 ||    19
  Use: Potion            |       |     3 ||     3
       Scroll            |       |     2 ||     2
Armor: Robe              |     8 |       ||     8
       Animal skin       |     6 |    14 ||    20
Dodge: Dodged            |    31 |    38 ||    69
